 Dungeon Crawl Stone Soup version 0.31-a0-4-gefa6de2278 (webtiles) character file.

Game seed: 8711282310325852509

31 subawu the Firebug (level 3, -1/27 HPs)
             Began as a Draconian Fire Elementalist on May 4, 2023.
             Slain by a goblin
             ... wielding a +0 club
             ... led by Robin
              (3 damage)
             ... on level 2 of the Dungeon.
             The game lasted 00:06:04 (1317 turns).

subawu the Firebug (Draconian Fire Elementalist)    Turns: 1317, Time: 00:06:05

Health: -1/27      AC:  5    Str: 12    XL:     3   Next: 7%
Magic:  4/6        EV: 12    Int: 15    God:
Gold:   43         SH:  0    Dex: 11    Spells: 5/6 levels left

rFire   + . .        c - +0 club
rCold   . . .        (no shield)
rNeg    . . .        (body armour unavailable)
rPois   .            b - +0 hat
rElec   .            (no cloak)
rCorr   .            (no gloves)
SInv    .            (no boots)
Will    .....        (no amulet)
Stlth   ++           e - ring of protection from fire
HPRegen 0.24/turn    (no ring)
MPRegen 0.10/turn

%: no passive effects
@: no status effects
A: AC +5, unfitting armour, cold-blooded
a: no special abilities


You were on level 2 of the Dungeon.
You visited 1 branch of the dungeon, and saw 2 of its levels.

You collected 43 gold pieces.

Inventory:

Hand Weapons
 c - a +0 club (weapon)
Missiles
 f - 12 stones
Armour
 b - a +0 hat (worn)
Jewellery
 e - a ring of protection from fire (left hand)
Scrolls
 d - 2 scrolls of immolation
 i - a scroll of teleportation {unknown}
Potions
 a - a potion of magic
 g - 2 potions of resistance {unknown}
 h - a potion of curing {unknown}


   Skills:
 + Level 0.4 Fighting
 + Level 0.1 Maces & Flails
 + Level 2.0 Dodging
 + Level 2.0 Stealth
 + Level 0.2 Unarmed Combat
 + Level 2.1 Spellcasting
 + Level 1.0 Conjurations
 + Level 3.6 Fire Magic


You had 5 spell levels left.
You knew the following spells:

 Your Spells              Type           Power      Damage    Failure   Level
a - Foxfire               Conj/Fire      32%        2x1d5     9%          1

Your spell library contained the following spells:

 Spells                   Type           Power      Damage    Failure   Level
 Scorch                   Fire           24%        2d6       8%          2
 Inner Flame              Hex/Fire       7%         N/A       30%         3
 Volatile Blastmotes      Fire/Tloc      14%        2d11      30%         3
 Blink                    Tloc           2%         N/A       32%         2
 Flame Wave               Conj/Fire      8%         2d5       63%         4
 Manifold Assault         Tloc           1%         N/A       91%         4
 Storm Form               Tmut/Air       0%         N/A       100%        7


Dungeon Overview and Level Annotations

Branches:
Dungeon (2/15)

Altars:

Annotations:
D:2 Robin


Innate Abilities, Weirdness & Mutations

Your plain brown scales are hard. (AC +5)
You cannot fit into any form of body armour.
You are cold-blooded and may be slowed by cold attacks.


Message History

Memorise Scorch, consuming 2 spell levels and leaving 3?
The goblin closely misses you. Robin throws the goblin at you!
Your memorisation is interrupted.
You closely miss the goblin. You tail-slap the goblin.
The goblin is moderately wounded.
A bat comes into view.
The goblin hits you with a +0 club. The goblin barely misses you. x2
You hit the goblin but do no damage.
The goblin is moderately wounded.
The goblin barely misses you. The goblin hits you but does no damage.
Robin roars a battlecry!
The goblins go into a battle-frenzy!
The goblin hits you with a +0 dagger. The goblin misses you.
The adder closely misses you. The goblin barely misses you.
The goblin misses you. The goblin barely misses you.
The goblin closely misses you. The goblin hits you but does no damage.
The adder bites you.
You hit the goblin.
You kill the goblin!
The adder bites you. The goblin hits you with a +0 club.
The goblin barely misses you. The goblin closely misses you.
The bat closely misses you. Robin throws the goblin at you!
You hit the bat.
You kill the bat!
The adder bites you but does no damage. The goblin hits you but does no damage.
The goblin hits you with a +0 dagger. The goblin completely misses you.
The goblin hits you with a +0 club. The adder bites you but does no damage.
Casting: Foxfire (safe; 9% risk of failure)
Confirm with . or Enter, or press ? or * to list all spells.
There is not enough space to conjure foxfire!
You closely miss the adder. The adder bites you but does no damage.
The goblin hits you with a +0 club.
* * * LOW HITPOINT WARNING * * *
The goblin hits you but does no damage. The goblin closely misses you.
The goblin hits you with a +0 dagger.
* * * LOW HITPOINT WARNING * * *
The goblin closely misses you.
The hobgoblin hits you but does no damage.
The goblin hits you with a +0 club.
You die...

#.......#.#.......###
......###.#+#.##....
.................####
..............####
..............+
.$............#
..............#
......ggg..####
).....S@gg.#
......ggg..#
.......g...#
...........#
..=..........
....[.........
...............
###.##.........


You could see Robin, an adder, 2 hobgoblins and 6 goblins.

Vanquished Creatures
  2 dart slugs (D:1)
  3 ball pythons (D:1)
  2 endoplasms
  6 goblins
  3 hobgoblins (D:1)
  A quokka (D:1)
  2 bats
  3 frilled lizards (D:1)
  2 kobolds (D:1)
  A rat (D:1)
25 creatures vanquished.

Vanquished Creatures (others)
  3 foxfires (D:2)
3 creatures vanquished.

Grand Total: 28 creatures vanquished

Notes
Turn   | Place    | Note
-------+----------+-------------------------------------------
     0 | D:1      | subawu the Draconian Fire Elementalist began the quest for
                  | the Orb.
     0 | D:1      | Reached XP level 1. HP: 14/14 MP: 3/3
    61 | D:1      | Found a faded altar of an unknown god.
   182 | D:1      | Reached XP level 2. HP: 12/20 MP: 5/5
  1309 | D:2      | Noticed Robin
  1312 | D:2      | Reached XP level 3. HP: 27/27 MP: 3/6
  1317 | D:2      | Slain by a goblin

Illustrated notes

Levels and vault maps discovered:
D:1:      beargit_arrival_greenhouse, layout_basic, basic_ecumenical_altar,
          chequers_serial_rivers_micro_c, minmay_misc_feat_more_columns
D:2:      minmay_chambers_of_twos, layout_basic, basic_altar, uniq_robin,
          uniq_crazy_yiuf_cottage

Skill      XL: |  1  2 |
---------------+-------+-----
Stealth        | 2 |  2.0
Dodging        | 2 |  2.0
Fighting       | |  0.4
Maces & Flails | |  0.1
Unarmed Combat | |  0.2
Spellcasting   | |  2.1
Conjurations   | |  1.0
Fire Magic     | |  3.6

Action                     || total
---------------------------++-------
  Melee: Unarmed           ||    28
         Club              ||    47
         Tailslap          ||    10
   Cast: Foxfire           ||     2
    Use: Scroll            ||     1
   Stab: Sleeping          ||     1
 Armour: Skin              ||    39
  Dodge: Dodged            ||    75

Table legend: (Time is in decaauts)
 A = Elapsed time spent in this place.
 B = Non-inter-level travel time spent in this place.
 C = Inter-level travel time spent in this place.
 D = Time resting spent in this place.
 E = Time spent auto-exploring this place.
 F = Levels seen in this place.
 G = Mean time per level.
                   A        B        C        D        E       F      G
               +--------+--------+--------+--------+--------+-----+--------+
         Total |   1329 |   1152 |    177 |     38 |      0 |   2 |  664.5 |
       Dungeon |   1329 |   1152 |    177 |     38 |      0 |   2 |  664.5 |
               +--------+--------+--------+--------+--------+-----+--------+

Top non-repeatable levels by time:
     D:1: 1284 daAuts
     D:2: 45 daAuts
